 Dungeon Sprint DCSS version 0.24-a0-586-g8e0e932 (webtiles) character file.

Game seed: 358183202012205324, levelgen mode: deterministic

18 silentkaos13 the Twirler (level 2, 0/23 HPs)
             Began as a Demonspawn Gladiator on Sept 8, 2019.
             Slain by a hound (3 damage)
             ... in the Dungeon (Sprint IX: "|||||||||||||||||||||||||||||").
             The game lasted 00:00:12 (32 turns).

silentkaos13 the Twirler (Demonspawn Gladiator)       Turns: 32, Time: 00:00:13

Health: 0/23       AC:  4    Str: 14    XL:     2   Next: 51%
Magic:  2/2        EV: 13    Int:  9    God:
Gold:   0          SH:  0    Dex: 14    Spells: 1/1 levels left

rFire    . . .     SeeInvis .   a - +0 quarterstaff
rCold    . . .     Gourm    .   (shield currently unavailable)
rNeg     . . .     Faith    .   b - +0 leather armour
rPois    .         Spirit   .   c - +0 helmet
rElec    .         Reflect  .   (no cloak)
rCorr    .         Harm     .   (no gloves)
MR       .....     NoTele   +   (no boots)
Stlth    +.........             (no amulet)
HPRegen  0.07/turn              (no ring)
MPRegen  0.08/turn              (no ring)

@: no status effects
A: spiny 1
a: no special abilities


You were in the Dungeon.
You were not hungry.

You visited 1 branch

Inventory:

Hand Weapons
 a - a +0 quarterstaff (weapon)
Missiles
 d - 3 throwing nets (quivered)
Armour
 b - a +0 leather armour (worn)
 c - a +0 helmet (worn)
Scrolls
 k - a scroll of blinking
Potions
 e - a potion of curing
 g - a potion of heal wounds
 h - a potion of haste
 i - 2 potions of magic
 j - a potion of berserk rage
Comestibles
 f - a ration


   Skills:
 + Level 2.3 Fighting
 + Level 4.6 Staves
 - Level 1.7 Throwing
 + Level 0.2 Armour
 + Level 3.6 Dodging
 + Level 0.2 Stealth


You had one spell level left.
You didn't know any spells.
Your spell library was empty.

Dungeon Overview and Level Annotations

Branches:
Dungeon (1/1)

Altars:


Innate Abilities, Weirdness & Mutations

You are partially covered in sharp spines.


Message History

You kill the adder!
The hound misses you.
You miss the hound. The hound misses you. The hound is struck by your spines.
The hound bites you.
You hit the hound.
The hound is lightly wounded.
The hound bites you but does no damage.
You completely miss the hound.
The hound is lightly wounded.
The hound bites you.
* * * LOW HITPOINT WARNING * * *
The hound misses you.
You hit the hound.
The hound is moderately wounded.
The hound misses you.
You hit the hound but do no damage.
The hound is moderately wounded.
The hound is struck by your spines. The hound closely misses you.
The hound bites you.
You die...

▓.▓
▓.▓
▓.▓
▓)▓
▓.▓
▓.▓
▓.▓
▓.▓
▓@▓
▓h▓
▓o▓
▓.▓
▓.▓
▓.▓
▓.▓
▓+▓


You could see a hound and an orc.

Vanquished Creatures
  An adder (D)
  A dart slug (D)
  A hobgoblin (D)
  A quokka (D)
  A bat (D)
  A frilled lizard (D)
  2 kobolds (D)
8 creatures vanquished.

Notes
Turn   | Place    | Note
-------+----------+-------------------------------------------
     0 | D        | silentkaos13 the Demonspawn Gladiator began the quest for
                  | the Orb.
     0 | D        | Reached XP level 1. HP: 16/16 MP: 1/1
     4 | D        | Reached skill level 3 in Staves
    18 | D        | Noticed a hound
    20 | D        | Reached skill level 4 in Staves
    24 | D        | Gained mutation: You are partially covered in sharp spines.
                  | [demonic ancestry]
    24 | D        | Reached XP level 2. HP: 12/22 MP: 2/2
    32 | D        | Slain by a hound

Levels and vault maps discovered:
D:        linesprint [early_d, line_temple, items_1, d_10, items_2, lair_1,
          lair_end, items_3, orc_1, orc_end, items_4, d_15, swamp_1, shoals_1,
          snake_1, spider_1, d_20, vaults_1, items_5, swamp_end, shoals_end,
          snake_end, spider_end, vaults_end, d_27, items_6, zot_1, zot_end,
          crypt_end, forest_end, elf_end, slime_end, tomb_end, abyss_end,
          pan_hell_end]

Skill      XL: |  1 |
---------------+----+-----
Staves         | 4 |  4.6
Dodging        | 3 |  3.6
Fighting       | |  2.3
Throwing       | |  1.7
Armour         | |  0.2
Stealth        | |  0.2

Action                   || total
-------------------------++-------
Melee: Quarterstaff      ||    22
Armor: Leather armour    ||     5
Dodge: Dodged            ||    10

Table legend:
 A = Non-vault XP
 B = Vault XP
 C = Vault XP percentage of total XP
 D = Non-vault monster count
 E = Vault monster count
 F = Vault count percentage of total count
                 A         B        C        D         E       F
            +---------+---------+-------+---------+---------+-------
      Total |       0 |      27 | 100.0 |       0 |       8 | 100.0
            +---------+---------+-------+---------+---------+-------
          D |       0 |      27 | 100.0 |       0 |       8 | 100.0
            +---------+---------+-------+---------+---------+-------
